 Dungeon Crawl Stone Soup version 0.28.0-45-g0d030f2227 (webtiles) character file.

Game seed: 6413192970231573951

218 Peloso the Covered (level 5, -3/47 HPs)
             Began as a Minotaur Fighter on Apr 9, 2022.
             Killed by nerve-wracking pain
             ... invoked by Grinder
              (7 damage)
             ... on level 3 of the Dungeon.
             The game lasted 00:04:32 (3199 turns).

Peloso the Covered (Minotaur Fighter)               Turns: 3199, Time: 00:04:33

Health: -3/47      AC: 11    Str: 20    XL:     5   Next: 63%
Magic:  4/4        EV: 10    Int:  5    God:
Gold:   82         SH:  6    Dex: 12    Spells: 4/4 levels left

rFire   . . .      SeeInvis .   a - +0 long sword (chaos)
rCold   . . .      Faith    .   c - +1 buckler
rNeg    . . .      Spirit   .   b - +0 scale mail
rPois   .          Reflect  .   (helmet restricted)
rElec   .          Harm     .   (no cloak)
rCorr   .          Rampage  .   (no gloves)
Will    .....                   (no boots)
Stlth   ..........              (no amulet)
HPRegen 0.15/turn               k - +4 ring of protection
MPRegen 0.09/turn               (no ring)

@: no status effects
A: horns 2, retaliatory headbutt
a: no special abilities


You were on level 3 of the Dungeon.
You visited 1 branch of the dungeon, and saw 3 of its levels.
You also visited: Sewer.

You collected 82 gold pieces.

Inventory:

Hand Weapons
 a - a +0 long sword of chaos (weapon)
Armour
 b - a +0 scale mail (worn)
 c - a +1 buckler (worn)
Jewellery
 k - a +4 ring of protection (left hand)
 n - an amulet of magic regeneration
Scrolls
 e - a scroll of fog
 f - 4 scrolls of blinking
 m - 2 scrolls of noise
Potions
 d - 2 potions of might
 g - 2 potions of attraction {unknown}
 i - a potion of magic


   Skills:
 + Level 4.7 Fighting
 + Level 3.8 Long Blades
 + Level 5.2 Armour
 + Level 1.9 Dodging
 + Level 4.5 Shields


You had 4 spell levels left.
You didn't know any spells.
Your spell library was empty.

Dungeon Overview and Level Annotations

Branches:
Dungeon (3/15)              Sewer (visited)

Altars:
Beogh

Annotations:
D:3 Grinder


Innate Abilities, Weirdness & Mutations

You have a pair of horns on your head.
You reflexively headbutt those who attack you in melee.


Message History

Your +0 long sword erupts in a glittering mayhem of colour.
a - a +0 long sword of chaos (weapon)
As you read the scroll labelled XAEQIU DEYFITT, it crumbles to dust.
It is a scroll of identify.
e - a scroll of fog
As you read the scroll of identify, it crumbles to dust.
j - 2 potions of lignification You drop 2 potions of lignification.
As you read the scroll of identify, it crumbles to dust.
i - a potion of magic
There is a gate leading back out of this place here.
Welcome back to the Dungeon!
Level annotation: Grinder
There is a collapsed entrance here.
You enter the shallow water.
Moving in this stuff is going to be slow.
Grinder blinks!
Grinder gestures at you. Pain shoots through your body!
You closely miss Grinder. Your headbutt misses Grinder.
Grinder says, "There's only one good use for a tongue: cutting it out."
Grinder barely misses you. Grinder hits you but does no damage.
You hit Grinder.
Grinder seems to grow stronger.
Grinder is lightly wounded.
Grinder hits you.
You writhe in agony.
You closely miss Grinder. You headbutt Grinder, but do no damage.
Grinder is lightly wounded.
Grinder hits you.
You hit Grinder but do no damage.
Grinder is lightly wounded.
Grinder hits you.
You writhe in agony.
You slash Grinder!
Grinder convulses!
Grinder is severely wounded.
Grinder hits you but does no damage. Grinder hits you!
* * * LOW HITPOINT WARNING * * *
You slash Grinder! You freeze Grinder. Your headbutt misses Grinder.
Grinder is almost dead.
Grinder gestures at you. Pain shoots through your body!
You die...

...........#....##
##.............)...#
#.....^.............
###...................
.............<.......
#...................
#.............#...##
########.......÷##..#
##..
#........@5...)÷##.##
. #..........####÷##.#
#...≈≈≈....# #.##.#
#..≈≈≈≈≈...# #.##..
#$.≈≈.≈≈...# #.. .#
#..≈≈≈≈≈...# #...
#....≈≈≈....# ##..#
#...........# ...
#...........# .)..


You could see Grinder (strong).

Vanquished Creatures
  A bullfrog (Sewer)
  7 adders
  2 river rats (D:3)
  2 dart slugs
  6 ball pythons
  An endoplasm (D:2)
  11 giant cockroaches
  6 goblins
  2 hobgoblins (D:2)
  3 kobolds
  13 quokkas
  3 bats (D:1)
  10 frilled lizards
  5 rats
72 creatures vanquished.

Vanquished Creatures (others)
  A plant (D:3)
1 creature vanquished.

Grand Total: 73 creatures vanquished

Notes
Turn   | Place    | Note
-------+----------+-------------------------------------------
     0 | D:1      | Peloso the Minotaur Fighter began the quest for the Orb.
     0 | D:1      | Reached XP level 1. HP: 19/19 MP: 0/0
   378 | D:1      | You fall into a shaft and drop 1 floor!
   389 | D:2      | Reached XP level 2. HP: 25/27 MP: 1/1
   432 | D:2      | Reached skill level 4 in Armour
   432 | D:2      | Reached XP level 3. HP: 22/33 MP: 2/2
   959 | D:2      | Reached XP level 4. HP: 26/41 MP: 3/3
  1590 | D:1      | Reached skill level 1 in Dodging
  1923 | D:1      | Found a faded altar of an unknown god.
  2231 | D:3      | Found a glowing drain.
  2251 | D:3      | Noticed Grinder
  2285 | Sewer    | Entered a sewer
  2651 | Sewer    | Reached skill level 5 in Armour
  2665 | Sewer    | Reached XP level 5. HP: 47/47 MP: 4/4
  3199 | D:3      | Killed from afar by Grinder

Illustrated notes

Levels and vault maps discovered:
D:1:      minmay_arrival_loop, layout_basic,
          hellmonk_ecumenical_altar_defaced_shrine
D:2:      layout_basic
D:3:      layout_rooms, mainiacjoe_overflow_cross_hatched,
          mainiacjoe_overflow_tiny_flanked, portal_sewer_entry_a, serial_bayou,
          serial_bayou_shore_b, serial_bayou_pond_b, serial_bayou_pond_e,
          serial_bayou_shore_a, serial_bayou_shore_b, uniq_grinder, uniq_natasha

Skill      XL: |  1  2  3  4 |
---------------+-------------+-----
Fighting       | 4 |  4.7
Armour         | 4 5 |  5.2
Shields        | 4 |  4.5
Dodging        | 1 |  1.9
Long Blades    | 3 |  3.8

Action                   |  1- 3 |  4- 6 || total
-------------------------+-------+-------++-------
Melee: Long sword        |    50 |   113 ||   163
       Headbutt          |     4 |    19 ||    23
  Use: Scroll            |       |     7 ||     7
Armor: Scale mail        |    20 |    54 ||    74
Dodge: Dodged            |    19 |    57 ||    76
Block: Buckler           |     8 |    29 ||    37
